2187 views
Uploaded 2024-05-06 04:52:05
Game version 1.36 (6115)
25:06 long 1on2 private game on (6)StranglethornVale
Saved by Alex11Chr
2187 views
Uploaded 2024-05-06 04:52:05
Game version 1.36 (6115)
25:06 long 1on2 private game on (6)StranglethornVale


73 units @ 10.3k
/ 1k
29 buildings @ 4.8k
/ 2k
⇛
Alex11Chr
(18)
(25:02) : 


| Healing Salve | 2 | 200 |
| Potion of Healing | 4 | 600 |
| Potion of Mana | 3 | 600 |
| total: | 9 | 1400g |
| Peon | 13 | 975 | / | 0 |
| Troll Headhunter | 8 | 1120 | / | 160 |
| Grunt | 2 | 400 | / | 0 |
| Wind Rider | 8 | 2120 | / | 320 |
| Troll Berserker | 3 | 420 | / | 60 |
| Raider | 1 | 180 | / | 40 |
| total: | 35 | 5215g | / | 580w |
| Watch Tower | 3 | 330 | / | 240 |
| Altar of Storms | 1 | 180 | / | 50 |
| Orc Burrow | 6 | 960 | / | 240 |
| War Mill | 1 | 205 | / | 0 |
| Barracks | 1 | 180 | / | 50 |
| Voodoo Lounge | 1 | 130 | / | 30 |
| Great Hall | 2 | 770 | / | 370 |
| Beastiary | 2 | 290 | / | 280 |
| Stronghold | 1 | 315 | / | 190 |
| Fortress | 1 | 325 | / | 190 |
| total: | 17 | 3045g | / | 1260w |
| 0:04 | Peon |
| 0:06 | Altar of Storms |
| 0:10 | Orc Burrow |
| 0:26 | War Mill |
| 0:36 | Peon |
| 0:49 | Peon |
| 1:07 | Peon |
| 1:26 | Peon |
| 1:42 | Barracks |
| 1:46 | Peon |
| 2:04 | Voodoo Lounge |
| 2:09 | Feral Spirit |
| 2:28 | Peon |
| 2:35 | Orc Burrow |
| 2:50 | Troll Headhunter |
| 2:55 | Peon |
| 3:27 | Stronghold |
| 3:28 | Troll Headhunter |
| 3:42 | Troll Headhunter |
| 3:50 | Grunt |
| 4:03 | Steel Armor |
| 4:26 | Grunt |
| 4:43 | Troll Headhunter |
| 4:51 | Chain Lighting |
| 4:59 | Troll Headhunter |
| 5:40 | Healing Salve |
| 5:54 | Great Hall |
| 6:08 | Orc Burrow |
| 6:26 | Troll Regeneration |
| 6:29 | Thorium Armor |
| 6:34 | Fortress |
| 7:23 | Feral Spirit |
| 7:49 | Troll Headhunter |
| 7:59 | Beastiary |
| 8:03 | Beastiary |
| 8:17 | Potion of Healing |
| 8:17 | Potion of Mana |
| 8:37 | Shockwave |
| 8:40 | Troll Headhunter |
| 8:48 | Peon |
| 8:49 | Peon |
| 8:49 | Peon |
| 9:16 | Chain Lighting |
| 10:39 | Endurance Aura |
| 10:53 | Healing Wave |
| 11:08 | Troll Headhunter |
| 11:08 | Arcanite Armor |
| 11:12 | Wind Rider |
| 11:13 | Envenomed Spears |
| 11:19 | Peon |
| 11:19 | Peon |
| 11:59 | Steel Ranged Weapons |
| 12:00 | Reinforced Defenses |
| 12:00 | Spiked Barricades |
| 12:04 | Berserker Upgrade |
| 12:10 | Orc Burrow |
| 12:12 | Orc Burrow |
| 13:18 | Troll Berserker |
| 13:21 | Wind Rider |
| 14:14 | Troll Berserker |
| 14:15 | Troll Berserker |
| 14:16 | Raider |
| 14:52 | Potion of Healing |
| 15:14 | Hex |
| 15:36 | Wind Rider |
| 15:44 | Healing Salve |
| 16:03 | Potion of Healing |
| 16:03 | Potion of Mana |
| 16:08 | Potion of Healing |
| 16:08 | Potion of Mana |
| 16:26 | Wind Rider |
| 16:30 | Thorium Ranged Weapons |
| 17:47 | Shockwave |
| 18:24 | Wind Rider |
| 18:38 | Chain Lighting |
| 19:22 | Healing Wave |
| 19:42 | Endurance Aura |
| 19:59 | Wind Rider |
| 20:23 | Feral Spirit |
| 20:25 | Hex |
| 20:49 | Wind Rider |
| 20:50 | Wind Rider |
| 21:05 | Endurance Aura |
| 21:14 | Arcanite Ranged Weapons |
| 22:26 | Orc Burrow |
| 22:29 | Improved Spiked Barricades |
| 22:30 | Steel Melee Weapons |
| 23:48 | Earth Quake |
| 24:14 | Healing Wave |
| 24:22 | Great Hall |
| 24:25 | Watch Tower |
| 24:26 | Watch Tower |
| 24:27 | Watch Tower |
| 24:37 | Reincarnation |
| Right click | 485 |
| Select | 293 |
| Select group | 193 |
| Build/train/purchase | 98 |
| Use ability | 77 |
| Misc. action | 62 |
| Assign group | 38 |
| Resource trade | 20 |
| Minimap ping | 8 |
| Item give/drop | 3 |
| Remove unit | 3 |
| Esc | 1 |


| Scroll of Town Portal | 1 | 350 |
| Orb of Lightning | 1 | 375 |
| total: | 2 | 725g |
| Peasant | 17 | 1275 | / | 0 |
| Footman | 12 | 1620 | / | 0 |
| Rifleman | 7 | 1435 | / | 210 |
| Goblin Shredder | 2 | 750 | / | 200 |
| total: | 38 | 5080g | / | 410w |
| Scout Tower | 1 | 30 | / | 20 |
| Arcane Tower | 1 | 70 | / | 50 |
| Altar of Kings | 1 | 180 | / | 50 |
| Barracks | 1 | 160 | / | 60 |
| Farm | 6 | 480 | / | 120 |
| Blacksmith | 1 | 140 | / | 60 |
| Town Hall | 2 | 770 | / | 410 |
| Keep | 1 | 320 | / | 210 |
| Castle | 1 | 360 | / | 210 |
| total: | 12 | 1760g | / | 720w |
| 0:15 | Peasant |
| 0:15 | Peasant |
| 0:22 | Altar of Kings |
| 1:18 | Barracks |
| 2:08 | Farm |
| 2:09 | Farm |
| 2:10 | Farm |
| 2:11 | Farm |
| 2:12 | Farm |
| 2:12 | Farm |
| 2:19 | Summon Water Elemental |
| 2:50 | Footman |
| 2:50 | Footman |
| 2:50 | Footman |
| 3:09 | Peasant |
| 3:09 | Peasant |
| 4:08 | Peasant |
| 4:08 | Peasant |
| 4:08 | Peasant |
| 4:08 | Peasant |
| 4:58 | Brilliance Aura |
| 5:17 | Goblin Shredder |
| 5:34 | Footman |
| 6:04 | Keep |
| 7:53 | Footman |
| 7:53 | Footman |
| 7:53 | Footman |
| 7:53 | Footman |
| 7:53 | Footman |
| 7:53 | Footman |
| 7:58 | Blacksmith |
| 8:36 | Summon Water Elemental |
| 8:53 | Footman |
| 8:54 | Footman |
| 9:51 | Brilliance Aura |
| 12:04 | Town Hall |
| 12:07 | Peasant |
| 12:08 | Peasant |
| 12:08 | Peasant |
| 12:08 | Peasant |
| 14:39 | Holy Light |
| 15:48 | Peasant |
| 15:48 | Peasant |
| 15:48 | Peasant |
| 16:02 | Peasant |
| 16:02 | Peasant |
| 16:05 | Castle |
| 16:07 | Studded Leather Armor |
| 16:08 | Black Gunpowder |
| 16:08 | Iron Forged Swords |
| 16:10 | Rifleman |
| 16:10 | Rifleman |
| 16:11 | Long Rifles |
| 16:41 | Orb of Lightning |
| 16:45 | Scroll of Town Portal |
| 17:16 | Scout Tower |
| 17:38 | Rifleman |
| 17:39 | Rifleman |
| 17:39 | Rifleman |
| 17:39 | Rifleman |
| 17:44 | Arcane Tower |
| 19:10 | Summon Water Elemental |
| 21:15 | Town Hall |
| 21:43 | Mass Teleport |
| 23:26 | Goblin Shredder |
| 23:59 | Rifleman |
| 24:36 | Refined Gunpowder |
| 24:36 | Reinforced Leather Armor |
| 24:42 | Divine Shield |
| Right click | 580 |
| Select | 262 |
| Build/train/purchase | 97 |
| Select group | 77 |
| Assign group | 27 |
| Minimap ping | 7 |
| Use ability | 5 |
| Remove unit | 2 |
| Esc | 2 |